 Dungeon Crawl Stone Soup version 0.21.0-3-g78d12a8 (webtiles) character file.

34 Wehk the Sneak (level 3, 0/26 HPs)
             Began as a Vampire Enchanter on Jan 10, 2018.
             Slain by a gnoll
             ... wielding a +0 halberd
              (9 damage)
             ... on level 2 of the Dungeon.
             The game lasted 00:04:20 (926 turns).

Wehk the Sneak (Vampire Enchanter)                   Turns: 926, Time: 00:04:20

Health: 0/26       AC:  2    Str:  7    XL:     3   Next: 14%
Magic:  3/6        EV: 12    Int: 18    God:
Gold:   42         SH:  0    Dex: 14    Spells: 0/6 levels left

rFire    . . .     SeeInvis +   a - +1 dagger
rCold    . . .     Gourm    .   (no shield)
rNeg     + . .     Faith    .   b - +0 robe
rPois    +         Spirit   .   (no helmet)
rElec    .         Reflect  .   (no cloak)
rCorr    .         Harm     .   (no gloves)
MR       .....                  (no boots)
Stlth    +++.......             (no amulet)
HPRegen  0.28/turn              g - ring of positive energy
MPRegen  0.10/turn              k - ring of poison resistance

@: regenerating quickly
A: fangs 3, see invisible, unbreathing
a: no special abilities


You were on level 2 of the Dungeon.
You were full.

You visited 1 branch of the dungeon, and saw 2 of its levels.

You collected 42 gold pieces.

Inventory:

Hand Weapons
 a - a +1 dagger (weapon)
Armour
 b - a +0 robe (worn)
 l - a +3 leather armour
Jewellery
 g - a ring of positive energy (left hand)
 k - a ring of poison resistance (right hand)
Scrolls
 e - a scroll of identify {unknown}
 f - a scroll of magic mapping {unknown}
 h - 2 scrolls of amnesia {unknown}
 j - a scroll of remove curse {unknown}
Potions
 d - a potion of blood
 i - a potion of resistance {unknown}
Books
 c - a book of Maledictions

   Spells                             Type                      Level
   a - Corona                         Hexes                        1
   b - Ensorcelled Hibernation        Hexes/Ice                    2
   c - Confuse                        Hexes                        3
   d - Tukima's Dance                 Hexes                        3
   e - Dazzling Spray                 Conjuration/Hexes            3


   Skills:
 - Level 1.0 Fighting
 - Level 2.0 Short Blades
 - Level 2.1 Dodging
 - Level 5.3 Stealth
 - Level 2.0 Spellcasting
 - Level 4.4 Hexes
 + Level 0.9 Ice Magic


You couldn't memorise any spells.
You knew the following spells:

 Your Spells              Type           Power        Failure   Level  Hunger
a - Ensorcelled Hibernat  Hex/Ice        ##....       9%          2    ###....
d - Tukima's Dance        Hex            ###.....     9%          3    ###....
C - Corona                Hex            ###....      3%          1    #......


Dungeon Overview and Level Annotations

Branches:
Dungeon (2/15)

Altars:

Annotations:
D:1 exclusion: downstairs


Innate Abilities, Weirdness & Mutations

Your natural rate of healing is unusually fast.
You have razor-sharp teeth.
You have supernaturally acute eyesight. (SInv)
You can survive without breathing.


Message History

There is a stone staircase leading up here.
Casting: Ensorcelled Hibernation
Confirm with . or Enter, or press ? or * to list all spells.
Aiming: Tukima's Dance
Press: ? - help, Shift-Dir - straight line, f - gnoll
Aim: a gnoll, wielding a club (chance to defeat MR: 63%)
The club dances into the air!
Your club hits the gnoll. The gnoll closely misses you.
Your club barely misses the gnoll.
You hit the gnoll.
The gnoll is moderately wounded.
The gnoll barely misses you.
You hit the gnoll.
The gnoll is heavily wounded.
Your club closely misses the gnoll.
The gnoll hits you!
Your club barely misses the gnoll.
There is a stone staircase leading up here.
The gnoll hits you!
The gnoll hits you from afar with a halberd!
You die...

#####........
#.)..........
#)###........
######.###........
#.......##........
#.......##.....##
#.......##...###
#.......##g(.##..
#.......@g......#
#.......#....####
#.......#.....#
#..........#..#
######..<.##..$..
#.........#.....
#.........#.....
#.........# #.#
###########


You could see 2 gnolls and a friendly club.

Vanquished Creatures
  2 oozes (D:1)
  A leopard gecko (D:1)
  A ball python (D:2)
  5 bats
  3 goblins
  4 hobgoblins
  A kobold (D:1)
  A frilled lizard (D:2)
  4 rats
22 creatures vanquished.

Notes
Turn   | Place    | Note
-------+----------+-------------------------------------------
     0 | D:1      | Wehk the Vampire Enchanter began the quest for the Orb.
     0 | D:1      | Reached XP level 1. HP: 13/13 MP: 3/3
     6 | D:1      | Noticed a minotaur skeleton
    13 | D:1      | Noticed a minotaur skeleton
    17 | D:1      | Noticed a minotaur skeleton
    19 | D:1      | Noticed a minotaur skeleton
   142 | D:1      | Reached skill level 5 in Stealth
   221 | D:1      | Reached XP level 2. HP: 15/19 MP: 3/5
   252 | D:1      | Learned a level 2 spell: Ensorcelled Hibernation
   589 | D:2      | Reached skill level 1 in Fighting
   755 | D:1      | Reached XP level 3. HP: 17/26 MP: 0/6
   792 | D:1      | Learned a level 3 spell: Tukima's Dance
   926 | D:2      | Slain by a gnoll

Skill      XL: |  1  2 |
---------------+-------+-----
Stealth        | 5 |  5.3
Fighting       | 1 |  1.0
Short Blades   | 2 |  2.0
Dodging        | |  2.1
Spellcasting   | |  2.0
Hexes          | |  4.4
Ice Magic      | |  0.9

Action                   || total
-------------------------++-------
Melee: Dagger            ||    64
       Bite              ||     3
 Cast: Corona            ||     6
       Ensorcelled Hiber ||    12
       Tukima's Dance    ||     1
 Stab: Sleeping          ||    11
  Eat: Corpse            ||     7
Armor: Robe              ||    25
Dodge: Dodged            ||    70
